 Dungeon Crawl Stone Soup version 0.20.0-15-g7f486f2 (webtiles) character file.

3677 Naow the Thaumaturge (level 9, -5/45 HPs)
             Began as a Deep Elf Earth Elementalist on June 11, 2017.
             Was a Believer of Vehumet.
             Shot with an arrow by a centaur (12 damage)
             ... on level 8 of the Dungeon.
             The game lasted 00:17:27 (11807 turns).

Naow the Thaumaturge (Deep Elf Earth Elementalist) Turns: 11807, Time: 00:17:27

Health: -5/45      AC:  2    Str:  5    XL:     9   Next: 89%
Magic:  1/25       EV: 13    Int: 24    God:    Vehumet [**....]
Gold:   358        SH:  0    Dex: 15    Spells: 13/28 levels left

rFire    . . .     SeeInvis .   C - +2 whip (elec)
rCold    . . .     Gourm    .   (no shield)
rNeg     . . .     Faith    .   c - +0 robe
rPois    .         Spirit   .   (no helmet)
rElec    .         Reflect  .   (no cloak)
rCorr    .         Harm     .   (no gloves)
MR       .....                  (no boots)
Stlth    ++........             (no amulet)
Regen    0.2/turn               (no ring)
MPRegen  0.2/turn               (no ring)

@: no status effects
A: no striking features
a: Renounce Religion


You were on level 8 of the Dungeon.
You worshipped Vehumet.
Vehumet was pleased with you.
You were not hungry.

You visited 1 branch of the dungeon, and saw 8 of its levels.

You collected 358 gold pieces.

Inventory:

Hand Weapons
 C - a +2 whip of electrocution (weapon)
Missiles
 m - 17 stones (quivered)
Armour
 c - a +0 robe (worn)
 w - a +0 robe
Jewellery
 g - an uncursed ring of ice {unknown}
 t - a +4 ring of strength {unknown}
 E - a +1 ring of protection {unknown}
 L - an uncursed ring of positive energy {unknown}
Wands
 o - a wand of polymorph (15/24)
 N - a wand of scattershot (7/9)
Scrolls
 a - 9 scrolls of identify {unknown}
 j - 2 scrolls of enchant armour {unknown}
 l - 3 scrolls of enchant weapon {unknown}
 r - 2 scrolls of recharging {unknown}
 s - 6 scrolls of teleportation {unknown}
 x - 2 scrolls of remove curse {unknown}
 y - 2 scrolls of immolation {unknown}
 z - 4 scrolls of fear {unknown}
 A - a scroll of noise {unknown}
 F - a scroll of blinking {unknown}
 G - a scroll of fog {unknown}
 H - a scroll of amnesia {unknown}
 J - 2 scrolls of magic mapping {unknown}
Potions
 f - 3 potions of haste
 h - 2 potions of brilliance {unknown}
 i - a potion of cancellation {unknown}
 k - 2 potions of curing
 n - 3 potions of heal wounds
 p - a potion of berserk rage {unknown}
 q - a potion of lignification {unknown}
 v - 3 potions of magic {unknown}
 D - a potion of mutation {unknown}
 I - a potion of might {unknown}
 K - a potion of flight {unknown}
Books
 e - a book of Geomancy

   Spells                             Type                      Level
   a - Sandblast                      Earth                        1
   b - Passwall                       Transmutation/Earth          2
   c - Stone Arrow                    Conjuration/Earth            3
   d - Petrify                        Transmutation/Earth          4
   e - Lee's Rapid Deconstruction     Earth                        5
 B - a book of Necromancy

   Spells                             Type                      Level
   a - Pain                           Necromancy                   1
   b - Animate Skeleton               Necromancy                   1
   c - Vampiric Draining              Necromancy                   3
   d - Regeneration                   Charms/Necromancy            3
   e - Animate Dead                   Necromancy                   4
   f - Control Undead                 Necromancy                   4
Comestibles
 b - 3 royal jellies
 d - 3 bread rations
 u - 3 meat rations
 M - 4 fruits


   Skills:
 - Level 2.4 Dodging
 - Level 2.4 Stealth
 + Level 10.3 Spellcasting
 + Level 7.2 Conjurations
 + Level 7.4 Transmutations
 + Level 8.7 Earth Magic


You had 13 spell levels left.
You knew the following spells:

 Your Spells              Type           Power        Failure   Level  Hunger
a - Sandblast             Erth           ######       1%          1    None
b - Stone Arrow           Conj/Erth      ######       1%          3    None
c - Passwall              Tmut/Erth      ######....   1%          2    None
d - Petrify               Tmut/Erth      ######..     1%          4    #......
e - Lee's Rapid Deconstr  Erth           ######....   3%          5    ####...


Dungeon Overview and Level Annotations

Branches:
Dungeon (8/15)             Temple (0/1) D:7            Lair (0/6) D:8

Altars:
Dithmenos
Gozag
Nemelex Xobeh
Okawaru
Qazlal
Ru
Trog
Uskayaw
Vehumet
Xom

Shops:
D:5 !

Annotations:
D:8 monokles's ghost, novice BaFi


Message History

Aiming: Sandblast
Press: ? - help, Shift-Dir - straight line, f/p - ogre
Aim: an ogre, wielding a giant spiked club (almost dead)
The blast of sand hits the ogre.
You kill the ogre!
Vehumet accepts your kill.
You feel your power returning.
m - 17 stones A centaur comes into view.
The centaur shouts!
The centaur wields a shortbow.
The centaur shoots an arrow.
The arrow hits you!
* * * LOW HITPOINT WARNING * * *
You see here an arrow.
Casting: Sandblast
Confirm with . or Enter, or press ? or * to list all spells.
Which direction?
You begin to meditate on the wall.
You continue meditating on the rock.
The centaur shoots an arrow.
The arrow closely misses you.
The centaur shoots an arrow.
The arrow hits you!
You die...

###.####.#.######
.................
###.####.#.########
#...##.#.# ##.>.##
###....#.#
#.....#########.# #.#..#.#
#.....(c..)c.)).# #...##.#
#.....###.##.##.#
#..###.####...####.##.# #
#..##...####@##....<..#
#####..#.....###.##.#####c#
.......).........## #.#
.......#[....#.... ...
#####.###).....### #.#
#............
#####..########## .......#
#####.##


You could see a centaur.

Vanquished Creatures
  Pikel (D:4)
  A hungry ghost (D:7)
  Menkaure (D:4)
  2 orc warriors
  A phantom (D:4)
  An ice beast (D:6)
  3 black bears (D:6)
  A centaur (D:8)
  2 ogres
  A necrophage (D:6)
  3 bullfrogs
  A scorpion (D:6)
  4 killer bees (D:7)
  A water moccasin skeleton (D:8)
  5 wights (D:6)
  A howler monkey (D:5)
  7 crimson imps
  3 hounds
  3 orc priests
  3 jellies
  9 orc wizards
  A centaur skeleton (D:4)
  3 iguanas
  3 worker ants
  Natasha (D:2)
  6 gnolls
  15 adders
  An ooze (D:3)
  An adder zombie (D:6)
  An adder skeleton (D:5)
  5 worms
  5 dart slugs
  7 leopard geckos
  26 orcs
  13 bats
  4 giant cockroaches
  7 goblins
  8 hobgoblins
  6 jackals
  3 quokkas
  2 ball pythons
  A ball python skeleton (D:4)
  A ball python zombie (D:5)
  7 frilled lizards
  12 kobolds
  A quokka zombie (D:7)
  6 rats
200 creatures vanquished.

Vanquished Creatures (others)
  A slave (D:5)
  An orc priest (D:5)
  A worker ant (D:5)
  2 adders (D:5)
5 creatures vanquished.

Grand Total: 205 creatures vanquished

Notes
Turn   | Place    | Note
-------+----------+-------------------------------------------
     0 | D:1      | Naow the Deep Elf Earth Elementalist began the quest for the Orb.
     0 | D:1      | Reached XP level 1. HP: 10/10 MP: 6/6
   201 | D:1      | Reached XP level 2. HP: 15/15 MP: 6/8
   918 | D:1      | Reached skill level 4 in Spellcasting
   962 | D:1      | Reached XP level 3. HP: 19/19 MP: 8/10
  1228 | D:2      | Noticed Natasha
  1235 | D:2      | Killed Natasha
  1437 | D:2      | Learned a level 3 spell: Stone Arrow
  1440 | D:2      | Learned a level 2 spell: Passwall
  1717 | D:2      | Reached XP level 4. HP: 24/24 MP: 7/12
  2156 | D:2      | Reached skill level 5 in Spellcasting
  2415 | D:2      | Found a sparkling altar of Nemelex Xobeh.
  2415 | D:2      | Found an opulent altar of Gozag.
  2416 | D:2      | Found a radiant altar of Vehumet.
  2422 | D:2      | Became a worshipper of Vehumet
  2469 | D:3      | Found a shimmering altar of Xom.
  2816 | D:3      | Reached skill level 5 in Earth Magic
  2816 | D:3      | Reached XP level 5. HP: 14/28 MP: 4/15
  4380 | D:3      | Reached skill level 6 in Spellcasting
  4395 | D:3      | Learned a level 4 spell: Petrify
  4979 | D:3      | Reached XP level 6. HP: 30/32 MP: 6/17
  5714 | D:4      | Noticed a slave
  5715 | D:4      | Noticed a slave
  5742 | D:4      | Noticed Menkaure
  5749 | D:4      | Killed Menkaure
  5749 | D:4      | Reached skill level 1 in Conjurations
  6113 | D:4      | Noticed Pikel
  6113 | D:4      | Noticed a slave
  6113 | D:4      | Noticed a slave
  6217 | D:4      | Reached XP level 7. HP: 36/36 MP: 7/19
  6311 | D:4      | Learned a level 5 spell: Lee's Rapid Deconstruction
  6394 | D:4      | Reached skill level 7 in Spellcasting
  6456 | D:4      | Killed Pikel
  6456 | D:4      | Reached XP level 8. HP: 41/41 MP: 7/21
  6462 | D:5      | Entered Level 5 of the Dungeon
  6539 | D:5      | Reached * piety under Vehumet
  6539 | D:5      | Offered knowledge of Flame Tongue by Vehumet.
  6695 | D:5      | Found Erytrean's Distillery.
  6749 | D:5      | Reached skill level 8 in Spellcasting
  6944 | D:5      | Found an iron altar of Okawaru.
  7767 | D:6      | Reached skill level 5 in Transmutations
  7889 | D:6      | Found a bloodstained altar of Trog.
  7894 | D:6      | Reached skill level 5 in Conjurations
  8267 | D:6      | Found a sacrificial altar of Ru.
  8403 | D:6      | Reached skill level 9 in Spellcasting
  8729 | D:6      | Reached XP level 9. HP: 45/45 MP: 17/24
  8734 | D:6      | Reached ** piety under Vehumet
  8734 | D:6      | Offered knowledge of Freeze by Vehumet.
  9129 | D:6      | Found a shadowy altar of Dithmenos.
  9747 | D:7      | Found a stormy altar of Qazlal.
  9863 | D:7      | Found a hide-covered altar of Uskayaw.
  9996 | D:7      | HP: 2/45 [killer bee (9)]
 10385 | D:7      | Found a staircase to the Ecumenical Temple.
 11014 | D:8      | Reached skill level 10 in Spellcasting
 11470 | D:8      | Offered knowledge of Static Discharge by Vehumet.
 11545 | D:8      | Noticed monokles's ghost (novice BaFi)
 11644 | D:8      | Found a staircase to the Lair.
 11807 | D:8      | Shot with an arrow by a centaur

Skill      XL: |  1  2  3  4  5  6  7  8  9 |
---------------+----------------------------+-----
Earth Magic    | 4 5 6 7 8 |  8.7
Spellcasting   | 4 5 6 7 9 10 | 10.3
Conjurations   | 2 3 5 7 |  7.2
Transmutations | 2 4 5 7 |  7.4
Dodging        | |  2.4
Stealth        | |  2.4

Action                   |  1- 3 |  4- 6 |  7- 9 || total
-------------------------+-------+-------+-------++-------
Melee: Unarmed           |     1 |     1 |       ||     2
       Whip              |       |       |     1 ||     1
 Cast: Sandblast         |    43 |    13 |    30 ||    86
       Stone Arrow       |     8 |    97 |   159 ||   264
       Passwall          |       |     1 |     3 ||     4
  Use: Potion            |       |       |     5 ||     5
  Eat: Chunk             |     1 |    19 |    16 ||    36
Armor: Robe              |     2 |       |     3 ||     5
Dodge: Dodged            |     8 |    29 |    40 ||    77
